 Dungeon Crawl Stone Soup version 0.31-a0-1352-gc98d92de7d (webtiles) character file.

Game seed: 12949038599214795148

23 besarbethor the Trooper (level 2, -7/27 HPs)
             Began as a Ghoul Berserker on Dec 22, 2023.
             Was a Follower of Trog.
             Mangled by Crazy Yiuf
             ... wielding a +3 quarterstaff of chaos
              (10 damage)
             ... on level 2 of the Dungeon.
             The game lasted 00:04:13 (595 turns).

besarbethor the Trooper (Ghoul Berserker)            Turns: 595, Time: 00:04:13

Health: -7/27      AC: 10    Str: 20    XL:     2   Next: 95%
Magic:  0/2        EV: 11    Int:  6    God:    Trog [*.....]
Gold:   49         SH:  0    Dex:  8    Spells: 1/1 levels left

rFire   . . .        h - +3 mace (protect)
rCold   + . .        (no shield)
rNeg    + + +        a - +0 animal skin
rPois   ∞            (no helmet)
rElec   .            (no cloak)
rCorr   .            (no gloves)
SInv    .            c - +0 pair of boots
Will    .....        (no amulet)
Stlth   +            (no ring)
HPRegen 0.00/turn    (no ring)
MPRegen 0.08/turn

%: no passive effects
@: under a protective aura, inhibited regen
A: claws 1, cold resistance 1, negative energy resistance 3, inhibited
regeneration, torment resistance 2, devour on kill
a: Renounce Religion


You were on level 2 of the Dungeon.
You worshipped Trog.
Trog was aware of your devotion.
You visited 1 branch of the dungeon, and saw 2 of its levels.

You collected 49 gold pieces.

Inventory:

Hand Weapons
 h - a +3 mace of protection (weapon)
Missiles
 b - 11 poisoned darts
 e - 13 stones
Armour
 a - a +0 animal skin (worn)
 c - a +0 pair of boots (worn)
Talismans
 d - a blade talisman
Scrolls
 f - a scroll of enchant weapon {unknown}
 i - a scroll of fear {unknown}
Potions
 g - 2 potions of curing {unknown}


   Skills:
 + Level 3.8 Fighting
 + Level 1.9 Armour
 + Level 1.9 Dodging
 + Level 3.7 Unarmed Combat


You had one spell level left.
You didn't know any spells.
Your spell library was empty.

Dungeon Overview and Level Annotations

Branches:
Dungeon (2/15)

Altars:

Annotations:
D:2 Crazy Yiuf


Innate Abilities, Weirdness & Mutations

You are immune to poison.
You have sharp fingernails.
Your flesh is cold resistant. (rC+)
You are immune to negative energy. (rN+++)
You do not regenerate when monsters are visible.
You are immune to unholy pain and torment.
You thrive by killing the living.


Message History

You sock the fungus!
The fungus is lightly damaged.
A nearby fungus withers and dies.
You hit the fungus.
The fungus begins to die.
The fungus is lightly damaged.
You sock the fungus!
The fungus is lightly damaged.
You hit the fungus but do no damage.
The fungus is lightly damaged.
A nearby fungus withers and dies.
You hit the fungus.
The fungus begins to die.
The fungus is lightly damaged.
You sock the fungus!
The fungus is lightly damaged.
You sock the fungus!
The fungus is lightly damaged.
A nearby fungus withers and dies.
Found a hammer.
Found a runed translucent door.
Crazy Yiuf shouts!
Crazy Yiuf yells, "Buddy sizzlefizz cower!"
You open the door. You hit Crazy Yiuf.
Your weapon exudes an aura of protection.
Crazy Yiuf is lightly wounded.
Crazy Yiuf hits you with a +3 quarterstaff of chaos!
You feel your power leaking away.
Crazy Yiuf hits you with a +3 quarterstaff of chaos!
Crazy Yiuf freezes you.
* * * LOW HITPOINT WARNING * * *
You hit Crazy Yiuf.
Crazy Yiuf is heavily wounded.
Crazy Yiuf says, "Defame agre infinity!"
Crazy Yiuf hits you with a +3 quarterstaff of chaos.
* * * LOW HITPOINT WARNING * * *
Crazy Yiuf freezes you.
* * * LOW HITPOINT WARNING * * *
You barely miss Crazy Yiuf.
Crazy Yiuf is heavily wounded.
Crazy Yiuf hits you with a +3 quarterstaff of chaos!
You die...

..# #.#.#..# ..#
##.#.#..#
..###.......#
........#####
.####...# >#
##.###♣♣♣♣♣ .#
#......♣.♣♣♣ ###
.#
#.......♣..♣#...#
.#
#....♣.♣♣♣♣@g...#
.# ##....♣♣
♣♣#..)# .# ####♣♣
### .#


You could see Crazy Yiuf.

Vanquished Creatures
  A dart slug (D:1)
  2 endoplasms
  4 goblins (D:1)
  2 hobgoblins (D:1)
  2 kobolds (D:1)
  A quokka (D:1)
  3 ball pythons
  3 bats (D:1)
  A rat (D:1)
19 creatures vanquished.

Notes
Turn   | Place    | Note
-------+----------+-------------------------------------------
     0 | D:1      | besarbethor the Ghoul Berserker began the quest for the
                  | Orb.
     0 | D:1      | Reached XP level 1. HP: 19/19 MP: 1/1
   129 | D:1      | Reached XP level 2. HP: 26/26 MP: 2/2
   588 | D:2      | Found a runed translucent door.
   589 | D:2      | Noticed Crazy Yiuf
   595 | D:2      | Mangled by Crazy Yiuf

Illustrated notes

Levels and vault maps discovered:
D:1:      ncdulo_halloftheorcs, layout_rooms
D:2:      layout_loops_ring, uniq_crazy_yiuf_cottage

Action                     || total
---------------------------++-------
  Melee: Unarmed           ||    10
         Mace              ||    38
         Punch             ||     1
    Use: Scroll            ||     3
 Armour: Animal skin       ||    22
  Dodge: Dodged            ||    18

Table legend: (Time is in decaauts)
 A = Elapsed time spent in this place.
 B = Non-inter-level travel time spent in this place.
 C = Inter-level travel time spent in this place.
 D = Time resting spent in this place.
 E = Time spent auto-exploring this place.
 F = Levels seen in this place.
 G = Mean time per level.
                   A        B        C        D        E       F      G
               +--------+--------+--------+--------+--------+-----+--------+
         Total |    608 |    443 |    165 |      0 |    252 |   2 |  304.0 |
       Dungeon |    608 |    443 |    165 |      0 |    252 |   2 |  304.0 |
               +--------+--------+--------+--------+--------+-----+--------+

Top non-repeatable levels by time:
     D:1: 512 daAuts
     D:2: 96 daAuts
